 Dungeon Crawl Stone Soup version 0.30-a0-782-ge64f9170bb (webtiles) character file.

Game seed: 10279039892018196576

158 theswoord the Shooter (level 5, 0/38 HPs)
             Began as a Demonspawn Hunter on Feb 23, 2023.
             Was an Initiate of Kikubaaqudgha.
             Slain by a sky beast (5 damage)
             ... on level 4 of the Dungeon.
             The game lasted 00:04:00 (2819 turns).

theswoord the Shooter (Demonspawn Hunter)           Turns: 2819, Time: 00:04:00

Health: 0/38       AC:  9    Str: 13    XL:     5   Next: 16%
Magic:  5/5        EV:  9    Int: 11    God:    Kikubaaqudgha [......]
Gold:   164        SH:  0    Dex: 18    Spells: 4/4 levels left

rFire   . . .      SeeInvis .    a - +1 shortbow
rCold   + . .      Faith    .    (shield currently unavailable)
rNeg    . . .      Spirit   .    j - +0 scale mail
rPois   .          Reflect  .    f - +1 helmet
rElec   .          Harm     .    n - +0 cloak
rCorr   .          Rampage  .    (no gloves)
Will    .....                    (no boots)
Stlth   +                        (no amulet)
HPRegen 0.26/turn                m - ring of protection from cold
MPRegen 0.09/turn                (no ring)

@: lethally poisoned (0 -> -5)
A: claws 1, thin skeletal structure 1, foul stench 1
a: Renounce Religion


You were on level 4 of the Dungeon.
You worshipped Kikubaaqudgha.
Kikubaaqudgha was noncommittal.
You visited 1 branch of the dungeon, and saw 4 of its levels.

You collected 164 gold pieces.

Inventory:

Hand Weapons
 a - a +1 shortbow (weapon)
 l - the +10 dagger of the Boiling Point {venom, Fly}
   (You found it on level 3 of the Dungeon)

   Fly:       It grants you flight.
Armour
 c - a +1 leather armour
 f - a +1 helmet (worn)
 j - a +0 scale mail (worn)
 n - a +0 cloak (worn)
Jewellery
 m - a ring of protection from cold (left claw)
 q - an amulet of reflection
Scrolls
 b - a scroll of immolation
 o - a scroll of magic mapping
 p - 2 scrolls of identify
Potions
 d - a potion of curing
 e - 2 potions of mutation {unknown}
 g - a potion of flight {unknown}
 h - a potion of brilliance {unknown}
 i - a potion of invisibility {unknown}
 k - 2 potions of heal wounds {unknown}


   Skills:
 - Level 2.0 Fighting
 * Level 5.8 Ranged Weapons
 - Level 1.7 Dodging
 - Level 0.8 Stealth
 + Level 0.9 Necromancy


You had 4 spell levels left.
You didn't know any spells.
Your spell library contained the following spells:

 Spells                   Type           Power      Damage    Failure   Level
 Necrotise                Necr           4%         1d4       77%         1
 Apportation              Tloc           0%         N/A       87%         1
 Summon Small Mammal      Summ           0%         N/A       87%         1


Dungeon Overview and Level Annotations

Branches:
Dungeon (4/15)
 Temple: D:4-7

Altars:
Ashenzari
Kikubaaqudgha


Innate Abilities, Weirdness & Mutations

You have sharp fingernails.
You have a somewhat thin skeletal structure. (Dex +2, Stealth+)
You may rarely emit foul miasma when damaged in melee.


Message History

The arrow hits the sky beast but does no damage.
The scorpion stings you but does no damage.
The sky beast flickers out of sight!
Deactivating autopickup; reactivate with Ctrl-A.
Something hits you but does no damage.
The scorpion stings you but does no damage.
Something hits you but does no damage.
You shoot an arrow.
The arrow hits the scorpion but does no damage.
The scorpion stings you but does no damage.
Something hits you but does no damage. The scorpion closely misses you.
You shoot an arrow. The arrow hits the scorpion!
Something hits you but does no damage. The scorpion closely misses you.
Something hits you. Something shocks you.
You shoot an arrow. The arrow hits the scorpion.
The scorpion stings you but does no damage.
The scorpion barely misses you. Something hits you but does no damage.
You shoot an arrow. The arrow barely misses the scorpion.
The scorpion barely misses you. Something hits you but does no damage.
The scorpion stings you but does no damage.
Something hits you but does no damage.
You shoot an arrow. The arrow hits the scorpion.
The scorpion closely misses you. Something hits you but does no damage.
The scorpion stings you.
You are poisoned.
The scorpion poisons you!
You shoot an arrow. The arrow barely misses the scorpion.
You feel very sick. Something hits you but does no damage.
The scorpion stings you.
* * * LOW HITPOINT WARNING * * *
Something hits you but does no damage.
You shoot an arrow. The arrow hits the scorpion.
You kill the scorpion!
Kikubaaqudgha accepts your kill.
You feel very sick. Something hits you.
* * * LOW HITPOINT WARNING * * *
Something shocks you.
You die...
Kikubaaqudgha rasps: "You have failed me!
Welcome... death!"

#....#######
# #.####
#.#.# #.#.#
#..# ##.##
##.## ##.#
#@## #{##


#oo #.oo ##.. #.. ... ..# You could see 4 orcs.

Vanquished Creatures
  A scorpion (D:4)
  An orc wizard (D:4)
  4 adders
  A worm (D:3)
  3 dart slugs
  8 orcs
  4 ball pythons
  12 bats
  5 endoplasms
  A giant cockroach (D:2)
  5 goblins
  8 hobgoblins
  7 jackals
  3 quokkas
  3 frilled lizards
  4 kobolds
  3 rats
73 creatures vanquished.

Notes
Turn   | Place    | Note
-------+----------+-------------------------------------------
     0 | D:1      | theswoord the Demonspawn Hunter began the quest for the
                  | Orb.
     0 | D:1      | Reached XP level 1. HP: 16/16 MP: 1/1
    55 | D:1      | Reached skill level 4 in Ranged Weapons
    74 | D:1      | Gained mutation: You have a somewhat thin skeletal
                  | structure. (Dex +2, Stealth+) [demonic ancestry]
    74 | D:1      | Reached XP level 2. HP: 22/22 MP: 2/2
   353 | D:1      | Gained mutation: You may rarely emit foul miasma when
                  | damaged in melee. [demonic ancestry]
   353 | D:1      | Reached XP level 3. HP: 27/27 MP: 3/3
  1181 | D:2      | Reached skill level 5 in Ranged Weapons
  1245 | D:2      | Gained mutation: You have sharp fingernails. [demonic
                  | ancestry]
  1245 | D:2      | Reached XP level 4. HP: 8/33 MP: 4/4
  1445 | D:2      | Found a faded altar of an unknown god.
  1812 | D:3      | Found a broken altar of Ashenzari.
  2009 | D:3      | Identified the +10 dagger of the Boiling Point {venom, Fly}
  2551 | D:4      | Found an ancient bone altar of Kikubaaqudgha.
  2559 | D:4      | Became a worshipper of Kikubaaqudgha
  2614 | D:4      | Reached XP level 5. HP: 18/38 MP: 5/5
  2805 | D:4      | Noticed a sky beast
  2819 | D:4      | Slain by a sky beast

Skill      XL: |  1  2  3 |
---------------+----------+-----
Ranged Weapons | 4 5 |  5.8
Fighting       | |  2.0
Dodging        | |  1.7
Stealth        | |  0.8
Necromancy     | |  0.9

Action                     |  1- 3 |  4- 6 || total
---------------------------+-------+-------++-------
  Melee: Shortbow          |       |     1 ||     1
   Fire: Shortbow          |   115 |   106 ||   221
    Use: Scroll            |     5 |     3 ||     8
 Armour: Leather armour    |    28 |     1 ||    29
         Scale mail        |       |    59 ||    59
  Dodge: Dodged            |    52 |    34 ||    86

Levels and vault maps discovered:
D:1:      scummos_arrival_star, layout_basic
D:2:      layout_loops_ring, basic_ecumenical_altar, kennysheep_generic_room_16
D:3:      layout_loops_cross, lemuel_tele_altar
D:4:      layout_loops_ring, nicolae_overflow_crystal_walls,
          nicolae_ossuary_entry_catacombs, serial_shops, shop, shop,
          kennysheep_generic_room_9
